 Dungeon Crawl Stone Soup version 0.28-a0-1567-g1695149f81 (webtiles) character file.

Game seed: 14830061476129044511

11921 riojii the Nimble (level 12, -19/88 HPs)
             Began as a Djinni Fire Elementalist on Jan 19, 2022.
             Was a High Priest of Makhleb.
             Demolished by a boulder beetle (31 damage)
             ... on level 12 of the Dungeon on Jan 20, 2022.
             The game lasted 00:27:39 (16512 turns).

riojii the Nimble (Djinni Fire Elementalist)       Turns: 16512, Time: 00:27:40

Health: -19/88     AC:  8    Str:  9    XL:     12   Next: 13%
Gold:   719        EV: 16    Int: 28    God:    Makhleb [*****.] SH:  5 Dex: 16

rFire   + + +      SeeInvis .   i - +1 dagger (drain)
rCold   x . .      Faith    .   (no shield)
rNeg    . . .      Spirit   .   g - +2 leather armour {rF+}
rPois   ∞          Reflect  +   n - +0 helmet
rElec   .          Harm     .   (no cloak)
rCorr   .          Rampage  .   e - +0 pair of gloves
Will    +....                   (boots unavailable)
Stlth   ++........              z - amulet of reflection
HPRegen 0.24/turn               j - ring of wizardry
MPRegen 0.00/turn               v - +6 ring of intelligence

@: flying
A: sickness immunity, fire resistance 2, cold vulnerability 1, float, innate
caster, hp casting, extra vitality 1, agile 1, passive freeze, strong 1
a: Renounce Religion, Minor Destruction, Lesser Servant of Makhleb, Major
Destruction, Greater Servant of Makhleb


You were on level 12 of the Dungeon.
You worshipped Makhleb.
Makhleb was extremely pleased with you.
You visited 2 branches of the dungeon, and saw 13 of its levels.

You collected 719 gold pieces.

Inventory:

Hand Weapons
 i - a +1 dagger of draining (weapon)
Missiles
 f - 2 throwing nets
 s - a curare-tipped dart
Armour
 e - a +0 pair of gloves (worn)
 g - a +2 leather armour of fire resistance (worn)
 n - a +0 helmet (worn)
Jewellery
 a - a ring of ice
 j - a ring of wizardry (left hand)
 v - a +6 ring of intelligence (right hand)
 z - an amulet of reflection (around neck)
Wands
 o - a wand of polymorph (15)
 p - a wand of iceblast (4)
 q - a wand of flame (31)
 r - a wand of acid (9)
 w - a wand of mindburst (3)
 C - a wand of digging (5)
Scrolls
 c - 2 scrolls of fog
 d - a scroll of enchant weapon
 h - 7 scrolls of teleportation
 m - 3 scrolls of identify
 t - a scroll of fear
 u - 2 scrolls of enchant armour
 x - a scroll of noise {unknown}
 y - a scroll of magic mapping
 A - a scroll of summoning {unknown}
Potions
 b - 3 potions of curing
 k - a potion of cancellation
 B - a potion of heal wounds {unknown}
Miscellaneous
 D - a phantom mirror


   Skills:
 * Level 8.4 Fighting
 * Level 8.4 Armour
 * Level 9.5 Dodging
 - Level 1.5 Stealth
 + Level 9.3 Spellcasting


You had 2 spell levels left.
You knew the following spells:

 Your Spells              Type           Power      Damage    Failure   Level
a - Foxfire               Conj/Fire      100%       2x1d9     1%          1
b - Scorch                Fire           100%       2d10      1%          2
c - Conjure Flame         Conj/Fire      60%        6-21      1%          3
d - Inner Flame           Hex/Fire       60%        N/A       1%          3
e - Flame Wave            Conj/Fire      60%        2d10      1%          4
f - Shock                 Conj/Air       100%       1d9       1%          1
g - Static Discharge      Conj/Air       60%        N/A       1%          2
h - Dazzling Flash        Conj/Hex       100%       N/A       1%          3
i - Petrify               Tmut/Erth      60%        N/A       1%          4
j - Airstrike             Air            30%        N/A       1%          4
Your spell library was empty.

Dungeon Overview and Level Annotations

Branches:
Dungeon (12/15)            Temple (1/1) D:4            Lair (0/6) D:8
    Orc (0/2) D:10

Altars:
Ashenzari
Cheibriados
Dithmenos
Elyvilon
Fedhas
Gozag
Hepliaklqana
Kikubaaqudgha
Makhleb
Nemelex Xobeh
Okawaru
Qazlal
Ru
Sif Muna
Trog
Uskayaw
Vehumet
Wu Jian
Xom
Yredelemnul
Zin
The Shining One

Shops:
D:5 [   D:7 (   D:9 *   D:10 [

Portals:
Trove: D:11 (lose all piety)


Innate Abilities, Weirdness & Mutations

You are immune to sickness and miasma.
You are immune to poison.
Your flesh is very heat resistant. (rF++)
You are vulnerable to cold. (rC-)
You float through the air rather than walking.
You learn spells naturally, not from books.
Your magical power is your life essence.
You have superior vitality. (+4 MHP)
You are agile. (Dex +2)
A frigid envelope surrounds you and freezes all who hurt you.
Your muscles are strong. (Str +2)


Message History

The boulder beetle is very cold.
The boulder beetle is lightly wounded.
The boulder beetle stops rolling and uncurls.
You smother the flame.
Casting: Conjure Flame (safe; 1% risk of failure)
Confirm with . or Enter, or press ? or * to list all spells.
Aiming: Petrify (mildly dangerous; 1% risk of failure)
Press: ? - help, Shift-Dir - straight line, f - boulder beetle
Aim: a boulder beetle (flame, lightly wounded, chance to affect: 59%)
The boulder beetle is moving more slowly.
The boulder beetle waves its antennae.
The boulder beetle bites you!!
* * * LOW HITPOINT WARNING * * *
The boulder beetle is very cold.
The boulder beetle is lightly wounded.
There is a stone staircase leading down here.
The boulder beetle stops moving altogether!
There is a stone staircase leading down here.
The helpless boulder beetle fails to defend itself.
You hit the boulder beetle but do no damage.
The boulder beetle is lightly wounded.
The helpless boulder beetle fails to defend itself.
You hit the boulder beetle but do no damage.
You drain the boulder beetle.
The boulder beetle is lightly wounded.
The helpless boulder beetle fails to defend itself.
You hit the boulder beetle but do no damage.
You drain the boulder beetle.
The boulder beetle is lightly wounded.
The helpless boulder beetle fails to defend itself.
You hit the boulder beetle.
The boulder beetle is lightly wounded.
The helpless boulder beetle fails to defend itself.
You hit the boulder beetle but do no damage.
The boulder beetle is lightly wounded.
A manticore comes into view.
The boulder beetle is no longer petrified.
The boulder beetle curls into a ball and begins rolling!
The boulder beetle hits you!!
You die...

############
#..........#
#.........÷#######
#...........÷.....
#.###......#######
#.# #......# #@#
#......# #B#
#......# #○#
#......#
#°##########
#°........
#.######## #.# #§#
#'#


You could see a boulder beetle (rolling, drained).

Vanquished Creatures
  Kirke (D:12)
  A two-headed ogre (D:11)
  2 cyclopes (D:12)
  A manticore (D:12)
  2 hornets
  Grinder (D:6)
  Prince Ribbit (D:6)
  2 wyverns
  3 shadows (D:10)
  3 hogs (D:12)
  10 yaks
  A hog (shapeshifter) (D:12)
  A wraith (D:9)
  A steam dragon (D:9)
  4 vampire mosquitoes (D:11)
  Edmund (D:6)
  Menkaure (D:5)
  Duvessa (D:5)
  4 orc warriors
  2 black bears (D:8)
  2 sky beasts
  An ogre (D:5)
  5 centaurs
  A phantom (D:10)
  2 kobold brigands
  3 bullfrogs
  A scorpion (D:4)
  A gnoll sergeant (D:9)
  A water moccasin zombie (D:5)
  A water moccasin skeleton (D:4)
  Dowan (D:5)
  23 wights
  7 howler monkeys
  2 centaur zombies
  Crazy Yiuf (D:5)
  3 jellies
  2 centaur skeletons
  5 hounds
  5 orc priests
  A bullfrog skeleton (D:6)
  A scorpion zombie (D:5)
  Jessica (D:3)
  6 iguanas
  4 orc wizards
  6 ogre zombies (D:10)
  A howler monkey zombie (D:4)
  13 gnolls
  4 adders
  2 shadow imps
  2 white imps
  An ufetubus (D:5)
  A dart slug (D:1)
  43 orcs
  9 bats
  3 endoplasms
  4 giant cockroaches
  11 goblins
  12 hobgoblins
  21 kobolds
  6 quokkas
  13 ball pythons
  3 frilled lizards
  3 goblin zombies (D:10)
  A hobgoblin skeleton (D:10)
  2 hobgoblin zombies (D:10)
  An orc skeleton (D:10)
  12 orc zombies (D:10)
  7 rats
304 creatures vanquished.

Vanquished Creatures (others)
  86 foxfires
  A fungus (D:8)
  2 plants (D:4)
89 creatures vanquished.

Grand Total: 393 creatures vanquished

Notes
Turn   | Place    | Note
-------+----------+-------------------------------------------
     0 | D:1      | riojii the Djinni Fire Elementalist began the quest for the
                  | Orb.
     0 | D:1      | Reached XP level 1. HP: 15/15 MP: 0/0
   385 | D:1      | Reached XP level 2. HP: 18/21 MP: 0/0
  1106 | D:1      | Reached XP level 3. HP: 16/25 MP: 0/0
  1106 | D:1      | Learned a level 1 spell: Shock
  1748 | D:1      | Gained mutation: You are agile. (Dex +2) [potion of
                  | mutation]
  1748 | D:1      | Gained mutation: Your muscles are strong. (Str +2) [potion
                  | of mutation]
  1748 | D:1      | Gained mutation: A frigid envelope surrounds you and
                  | freezes all who hurt you. [potion of mutation]
  2091 | D:2      | Noticed a great orb of eyes
  2093 | D:2      | Found a faded altar of an unknown god.
  2095 | D:2      | Noticed a shining eye
  2095 | D:2      | Noticed a great orb of eyes
  2095 | D:2      | Noticed a shining eye
  2186 | D:2      | Reached XP level 4. HP: 28/31 MP: 0/0
  2583 | D:3      | Noticed Jessica
  2585 | D:3      | Killed Jessica
  3180 | D:4      | Reached XP level 5. HP: 26/35 MP: 0/0
  3180 | D:4      | Learned a level 2 spell: Static Discharge
  3472 | D:4      | Found a staircase to the Ecumenical Temple.
  3479 | Temple   | Entered the Ecumenical Temple
  3873 | Temple   | Became a worshipper of Makhleb the Destroyer
  3920 | D:4      | Reached skill level 5 in Spellcasting
  3920 | D:4      | Reached XP level 6. HP: 31/40 MP: 0/0
  4352 | D:4      | Reached XP level 7. HP: 42/45 MP: 0/0
  4352 | D:4      | Learned a level 3 spell: Dazzling Flash
  4732 | D:4      | Reached * piety under Makhleb
  5336 | D:5      | Entered Level 5 of the Dungeon
  5591 | D:5      | Reached XP level 8. HP: 45/50 MP: 0/0
  5729 | D:5      | Noticed Duvessa
  5729 | D:5      | Noticed Dowan
  5743 | D:5      | Killed Duvessa
  5745 | D:5      | Killed Dowan
  5986 | D:5      | Found a white marble altar of Elyvilon.
  6134 | D:5      | Noticed Menkaure
  6138 | D:5      | Killed Menkaure
  6221 | D:5      | Found Supew's Armour Boutique.
  6374 | D:5      | Reached ** piety under Makhleb
  6506 | D:5      | Found a runed translucent door.
  6507 | D:5      | Noticed Crazy Yiuf
  7001 | D:5      | Killed Crazy Yiuf
  7002 | D:5      | Reached skill level 1 in Fighting
  7002 | D:5      | Reached skill level 1 in Armour
  7063 | D:5      | Reached XP level 9. HP: 50/57 MP: 0/0
  7063 | D:5      | Learned a level 4 spell: Petrify
  7209 | D:6      | Noticed Grinder
  7395 | D:6      | Killed Grinder
  7647 | D:6      | Noticed Prince Ribbit
  7653 | D:6      | Noticed Edmund
  7676 | D:6      | Killed Edmund
  7678 | D:6      | Killed Prince Ribbit
  8512 | D:7      | Reached skill level 5 in Dodging
  8687 | D:7      | Reached XP level 10. HP: 23/68 MP: 0/0
  8949 | D:7      | Found Egoruxt's Weapon Emporium.
  9828 | D:8      | Reached *** piety under Makhleb
  9929 | D:8      | Reached skill level 5 in Fighting
 10023 | D:8      | Reached skill level 5 in Armour
 10817 | D:8      | Found a staircase to the Lair.
 10991 | D:9      | Found Afreck's Neck Hole.
 11463 | D:9      | Reached XP level 11. HP: 44/77 MP: 0/0
 11463 | D:9      | Learned a level 4 spell: Airstrike
 11955 | D:9      | Reached **** piety under Makhleb
 12221 | D:10     | Entered Level 10 of the Dungeon
 12932 | D:10     | Found a staircase to the Orcish Mines.
 13544 | D:10     | Found Nantaseg's Antique Armour Shoppe.
 14463 | D:11     | Found a portal to a secret trove of treasure.
 15040 | D:11     | Noticed a two-headed ogre
 15057 | D:11     | Killed a two-headed ogre
 15365 | D:12     | Noticed a cyclops
 15369 | D:12     | Killed a cyclops
 15542 | D:12     | Noticed a cyclops
 15545 | D:12     | Killed a cyclops
 15620 | D:12     | Noticed a manticore
 15624 | D:12     | Killed a manticore
 15910 | D:12     | Reached ***** piety under Makhleb
 16209 | D:12     | Noticed Kirke
 16211 | D:12     | Reached XP level 12. HP: 71/86 MP: 0/0
 16238 | D:12     | Killed Kirke
 16492 | D:12     | Noticed a boulder beetle
 16512 | D:12     | Demolished by a boulder beetle

Illustrated notes

Levels and vault maps discovered:
D:1:      minmay_arrival_hallway, layout_basic, st_stairs_7,
          corexii_hall_statues_s, amcnicky_mini_rare_corridor_liquid
D:2:      layout_rooms, hellmonk_ecumenical_altar_watching_god
D:3:      layout_basic, roderic_lattice_a, uniq_jessica
D:4:      corexii_shantytown, layout_loops_ring,
          minmay_temple_entry_purple_smoke
D:5:      layout_basic, mainiacjoe_overflow_tiny_flanked, serial_shops,
          kennysheep_mini, uniq_menkaure, uniq_crazy_yiuf_cottage, uniq_duvessa
D:6:      layout_cave_pools, kennysheep_generic_room_9, uniq_edmund,
          uniq_grinder, uniq_prince_ribbit1
D:7:      layout_basic, serial_shops, nicolae_diamond_shop, enter_bailey_2
D:8:      layout_loops_ring, david_lair_generic
D:9:      layout_cross, nicolae_shop_sticking_my_neck_out
D:10:     layout_rooms, zombieorc1_lemuel, serial_shops,
          nicolae_shop_window_shopping
D:11:     layout_grid_maze, enter_trove_0
D:12:     layout_basic, special_room [special_room_orc],
          hangedman_decor_clover_reticule, uniq_kirke
Temple:   roderic_octagonal_lattice_temple

Skill      XL: |  1  2  3  4  5  6  7  8  9 10 11 |
---------------+----------------------------------+-----
Spellcasting   | 3 4 5 6 8 9 |  9.3
Fighting       | 1 4 6 8 |  8.4
Armour         | 1 4 6 8 |  8.4
Dodging        | 5 7 9 |  9.5
Stealth        | |  1.5

Action                   |  1- 3 |  4- 6 |  7- 9 | 10-12 || total
-------------------------+-------+-------+-------+-------++-------
Melee: Dagger            |       |       |       |     5 ||     5
 Cast: Foxfire           |    46 |     1 |     3 |     5 ||    55
       Scorch            |     6 |    15 |    87 |   101 ||   209
       Shock             |    46 |    51 |   155 |   112 ||   364
       Static Discharge  |       |     2 |       |     3 ||     5
       Conjure Flame     |       |     1 |     5 |    19 ||    25
       Airstrike         |       |       |       |   139 ||   139
       Petrify           |       |       |       |     1 ||     1
Evoke: Wand              |       |       |       |     3 ||     3
  Use: Scroll            |     1 |       |    13 |     5 ||    19
       Potion            |     1 |       |       |     1 ||     2
 Stab: Petrified         |       |       |       |     5 ||     5
Armor: Robe              |     2 |       |       |       ||     2
       Leather armour    |       |    12 |    10 |    10 ||    32
Dodge: Dodged            |    11 |    14 |    22 |    31 ||    78

Table legend: (Time is in decaauts)
 A = Elapsed time spent in this place.
 B = Non-inter-level travel time spent in this place.
 C = Inter-level travel time spent in this place.
 D = Time resting spent in this place.
 E = Time spent auto-exploring this place.
 F = Levels seen in this place.
 G = Mean time per level.
                   A        B        C        D        E       F      G
               +--------+--------+--------+--------+--------+-----+--------+
         Total |  16508 |  16148 |    360 |   1850 |  12520 |  13 | 1269.8 |
       Dungeon |  16096 |  15791 |    305 |   1850 |  12185 |  12 | 1341.3 |
        Temple |    412 |    357 |     55 |      0 |    335 |   1 |  412.0 |
               +--------+--------+--------+--------+--------+-----+--------+

Top non-repeatable levels by time:
     D:5: 1954 daAuts
     D:9: 1788 daAuts
     D:1: 1767 daAuts
     D:4: 1622 daAuts
     D:7: 1509 daAuts
    D:10: 1428 daAuts
     D:8: 1274 daAuts
    D:12: 1231 daAuts
    D:11: 1070 daAuts
     D:3: 986 daAuts
     D:6: 917 daAuts
     D:2: 545 daAuts
  Temple: 412 daAuts
